 Dungeon Crawl Stone Soup version 0.22.1-1-ga44c0e5 (webtiles) character file.

51 Fang the Skirmisher (level 3, -2/36 HPs)
             Began as a Gargoyle Berserker on Oct 5, 2018.
             Was a Believer of Trog.
             Slain by Natasha (8 damage)
             ... on level 2 of the Dungeon.
             The game lasted 00:02:36 (1276 turns).

Fang the Skirmisher (Gargoyle Berserker)            Turns: 1276, Time: 00:02:36

Health: -2/36      AC:  5    Str: 26    XL:     3   Next: 83%
Magic:  3/3        EV: 12    Int:  7    God:    Trog [**....]
Gold:   35         SH:  0    Dex:  9    Spells: 2/2 levels left

rFire    . . .     SeeInvis .   a - +0 hand axe
rCold    . . .     Gourm    .   (no shield)
rNeg     + . .     Faith    .   b - +0 animal skin
rPois    ∞         Spirit   .   (no helmet)
rElec    +         Reflect  .   (no cloak)
rCorr    .         Harm     .   (no gloves)
MR       .....                  (no boots)
Stlth    ..........             (no amulet)
HPRegen  0.12/turn              (no ring)
MPRegen  0.08/turn              (no ring)

@: berserking, slowed
A: negative energy resistance 1, electricity resistance, unbreathing,
petrification resistance, rot immunity, AC +3
a: Berserk, Trog's Hand, Renounce Religion


You were on level 2 of the Dungeon.
You worshipped Trog.
Trog was pleased with you.
You were hungry.

You visited 1 branch of the dungeon, and saw 2 of its levels.

You collected 35 gold pieces.

Inventory:

Hand Weapons
 a - a +0 hand axe (weapon)
Armour
 b - a +0 animal skin (worn)
Jewellery
 e - a cursed ring of attention {unknown}
Scrolls
 d - a scroll of blinking {unknown}
 j - a scroll of random uselessness {unknown}
 k - a scroll of teleportation {unknown}
 l - a scroll of enchant weapon {unknown}
 m - a scroll of remove curse {unknown}
Potions
 f - a potion of curing {unknown}
 g - a potion of haste {unknown}
 h - a potion of might {unknown}
 i - a potion of mutation {unknown}
Comestibles
 c - 3 rations


   Skills:
 + Level 4.0 Fighting
 + Level 3.3 Axes
 + Level 2.3 Armour
 + Level 2.0 Dodging
 + Level 0.1 Stealth


You had 2 spell levels left.
You didn't know any spells.
Your spell library was empty.

Dungeon Overview and Level Annotations

Branches:
Dungeon (2/15)

Altars:

Annotations:
D:2 Natasha


Innate Abilities, Weirdness & Mutations

You are resistant to torment.
Your stone body is resilient. (AC +3)
You are immune to poison.
You resist negative energy. (rN+)
You are resistant to electric shocks. (rElec)
You can survive without breathing.
You are immune to petrification.
You are immune to rotting.


Message History

You are too injured to fight recklessly!
You are too injured to fight recklessly!
You are too injured to fight recklessly!
A red film seems to cover your vision as you go berserk!
You feel yourself moving faster!
You feel mighty!
You are feeling hungry.
Natasha claws you! The crimson imp misses you. Natasha claws you.
* * * LOW HITPOINT WARNING * * *
The crimson imp shouts, "Get thee gone, thou pecksniffian ditch-delivered The crimson imp closely misses you.
You hit Natasha.
Natasha is heavily wounded.
You hit the crimson imp. Natasha claws you.
* * * LOW HITPOINT WARNING * * *
The crimson imp hits you but does no damage.
Unknown command.
You barely miss Natasha.
Natasha is heavily wounded.
You miss the crimson imp. Natasha claws you!
You die...

#.#...#.# #.#)....#
#....#### ####....#
####.# #######.#####
#...........+
#.#.#.....#.#
#...#....@+ #
###.##..5h#######
#.............#
####+#.####......#
#......#.........#
#......#.........######
#......#......[........
#...>..'......†........
#.....##...####........


You could see Natasha and a crimson imp.

Vanquished Creatures
  Natasha (D:2)
  A giant cockroach (D:1)
  3 goblins
  2 hobgoblins (D:1)
  3 jackals (D:1)
  3 bats (D:1)
  7 frilled lizards
  3 kobolds (D:1)
  8 rats
31 creatures vanquished.

Notes
Turn   | Place    | Note
-------+----------+-------------------------------------------
     0 | D:1      | Fang the Gargoyle Berserker began the quest for the Orb.
     0 | D:1      | Reached XP level 1. HP: 14/14 MP: 1/1
   338 | D:1      | Reached XP level 2. HP: 12/19 MP: 2/2
   664 | D:1      | Reached ** piety under Trog
   785 | D:1      | Reached XP level 3. HP: 24/24 MP: 3/3
  1133 | D:2      | Noticed Natasha
  1142 | D:2      | Killed Natasha
  1142 | D:2      | Reached skill level 4 in Fighting
  1266 | D:2      | Noticed Natasha
  1276 | D:2      | Slain by Natasha

Skill      XL: |  1  2  3 |
---------------+----------+-----
Axes           | 3 |  3.3
Fighting       | 4 |  4.0
Dodging        | 2 |  2.0
Armour         | |  2.3
Stealth        | |  0.1

Action                   || total
-------------------------++-------
Melee: Hand axe          ||    84
Invok: Berserk           ||     2
 Stab: Sleeping          ||     1
  Eat: Chunk             ||     2
Armor: Animal skin       ||    26
Dodge: Dodged            ||    60
